 Dungeon Crawl Stone Soup version 0.23.2-1-ga50397a (webtiles) character file.

Game seed: 8277682247858997307

71 Lickle the Skirmisher (level 4, 29/29 HPs)
             Began as a Gargoyle Abyssal Knight on May 8, 2019.
             Was a Follower of Lugonu.
             Quit the game on level 2 of the Dungeon.
             The game lasted 00:04:47 (1380 turns).

Lickle the Skirmisher (Gargoyle Abyssal Knight)     Turns: 1380, Time: 00:04:47

Health: 29/29      AC: 10    Str: 16    XL:     4   Next: 24%
Magic:  5/5        EV: 10    Int: 13    God:    Lugonu [*.....]
Gold:   116        SH:  3    Dex:  9    Spells: 3/3 levels left

rFire    . . .     SeeInvis .   a - +2 mace
rCold    . . .     Gourm    .   g - +0 buckler
rNeg     + . .     Faith    .   j - +0 ring mail
rPois    ∞         Spirit   .   (no helmet)
rElec    +         Reflect  .   e - +0 cloak
rCorr    .         Harm     .   (no gloves)
MR       .....                  (no boots)
Stlth    +.........             (no amulet)
HPRegen  0.09/turn              (no ring)
MPRegen  0.09/turn              (no ring)

@: about to teleport, very slightly contaminated, invisible
A: negative energy resistance 1, electricity resistance, unbreathing,
petrification resistance, rot immunity, AC +3
a: Depart the Abyss, Renounce Religion


You were on level 2 of the Dungeon.
You worshipped Lugonu.
Lugonu was aware of your devotion.
You were hungry.

You visited 1 branch of the dungeon, and saw 2 of its levels.
You visited the Abyss 1 time.

You collected 116 gold pieces.

Inventory:

Hand Weapons
 a - a +2 mace (weapon)
Armour
 e - a +0 cloak (worn)
 g - a +0 buckler (worn)
 j - a +0 ring mail (worn)
Jewellery
 i - an uncursed ring of resist corrosion
Scrolls
 b - a scroll of teleportation
 k - a scroll of identify
Comestibles
 c - 3 rations


   Skills:
 + Level 3.7 Fighting
 + Level 2.2 Maces & Flails
 * Level 3.0 Armour
 + Level 1.2 Dodging
 + Level 1.1 Stealth
 * Level 1.1 Shields
 * Level 2.6 Invocations


You had 3 spell levels left.
You didn't know any spells.
Your spell library was empty.

Dungeon Overview and Level Annotations

Branches:
Dungeon (2/15)

Altars:


Innate Abilities, Weirdness & Mutations

You are resistant to torment.
Your stone body is resilient. (AC +3)
You are immune to poison.
You resist negative energy. (rN+)
You are resistant to electric shocks. (rElec)
You can survive without breathing.
You are immune to petrification.
You are immune to rotting.


Message History

You fade into invisibility!
You are very lightly contaminated with residual magic.
As you read the scroll labeled LATOAW UKETYS, it crumbles to dust.
You feel strangely unstable.
It was a scroll of teleportation.
As you read the scroll labeled WESEOMN XEIXIU, it crumbles to dust.
You feel blessed for a moment.
It was a scroll of remove curse.
As you read the scroll labeled TODGHI KAOT, it crumbles to dust.
It is a scroll of enchant weapon.
Your +1 mace glows red for a moment.
As you read the scroll labeled GICLIUR XEITAI, it crumbles to dust.
It is a scroll of identify.
i - an uncursed ring of resist corrosion Quiver which item? (- for none, * to show all) (? for menu, Esc to quit)
Okay, then.
You aren't carrying any potions.
Unknown command.
Unknown command.
Unknown command.
Unknown command.
Are you sure you want to abandon this character and quit the game? (Confirm with "yes".)

..# #.##...
#....# #......
### #.##.##
#.#..# ........
#.##.##..#.#..#
##.#####
#.............#
..
####.#######.###
#†....# #.....#
#.....# #..@..#
#.....# #######


There were no monsters in sight!

Vanquished Creatures
  Natasha (D:2)
  A dart slug (D:1)
  6 bats (D:1)
  3 giant cockroaches
  7 goblins
  6 hobgoblins
  4 jackals (D:1)
  2 ball pythons
  7 frilled lizards
  6 rats
43 creatures vanquished.

Notes
Turn   | Place    | Note
-------+----------+-------------------------------------------
     0 | Abyss:1  | Lickle the Gargoyle Abyssal Knight began the quest for the
                  | Orb.
     0 | Abyss:1  | Reached XP level 1. HP: 14/14 MP: 2/2
    70 | Abyss:1  | Noticed a hellwing
    72 | Abyss:1  | Noticed a small abomination
    77 | D:1      | Escaped the Abyss
   107 | D:1      | You fall through a shaft!
   228 | D:1      | Reached skill level 1 in Dodging
   228 | D:1      | Reached XP level 2. HP: 19/19 MP: 3/3
   257 | D:1      | Reached * piety under Lugonu
   500 | D:1      | Reached XP level 3. HP: 22/23 MP: 4/4
  1054 | D:2      | Reached skill level 1 in Stealth
  1199 | D:2      | Noticed Natasha
  1208 | D:2      | Killed Natasha
  1208 | D:2      | Reached skill level 1 in Shields
  1208 | D:2      | Reached XP level 4. HP: 13/29 MP: 5/5
  1380 | D:2      | Quit the game

Skill      XL: |  1  2  3 |
---------------+----------+-----
Dodging        | 1 |  1.2
Stealth        | 1 |  1.1
Armour         | 3 |  3.0
Shields        | 1 |  1.1
Fighting       | |  3.7
Maces & Flails | |  2.2
Invocations    | |  2.6

Action                   |  1- 3 |  4- 6 || total
-------------------------+-------+-------++-------
Melee: Mace              |   145 |       ||   145
Invok: Depart the Abyss  |     1 |       ||     1
  Use: Scroll            |       |     4 ||     4
       Potion            |       |     1 ||     1
  Eat: Chunk             |     1 |       ||     1
Armor: Leather armour    |    62 |       ||    62
       Ring mail         |    21 |       ||    21
Dodge: Dodged            |    80 |       ||    80
Block: Buckler           |    19 |       ||    19
